 Dungeon Crawl Stone Soup version 0.31-a0-750-gfe7b580527 (webtiles) character file.

Game seed: 11532018524267119205

68726 dondy the Frost Mage (level 14, -9/123 (126) HPs)
             Began as a White Draconian Ice Elementalist on Sept 14, 2023.
             Was the Champion of Kikubaaqudgha.
             Killed from afar by Frances (10 damage)
             ... with a shard of ice
             ... on level 13 of the Dungeon.
             The game lasted 01:54:33 (28493 turns).

dondy the Frost Mage (DrIE)                        Turns: 28493, Time: 01:54:34

HP:   -9/123 (126)  AC: 13    Str: 10    XL:     14   Next: 87%
MP:   3/30          EV: 13    Int: 27    God:    Kikubaaqudgha [******]
Gold: 1134          SH:  0    Dex: 12    Spells: 5/37 levels left

rFire   . . .        b - +8 scimitar (freeze)
rCold   + + .        r - orb {*channel}
rNeg    . . .        (body armour unavailable)
rPois   .            T - +1 hat {Int+3}
rElec   .            p - scarf {shadows}
rCorr   .            i - +0 pair of gloves
SInv    .            n - +2 pair of boots "Domorari" {Int+3}
Will    +....        f - dreamdust necklace {Acrobat}
Stlth   ++           Z - ring of protection from cold
HPRegen 0.40/turn    W - ring of wizardry
MPRegen 0.22/turn

%: acrobat, wizardry (x1), channel magic (20%)
@: freezing walls, very slightly contaminated, lightly drained, invisible
A: breathe frost, AC +8, unfitting armour, cold resistance 1, cold-blooded
a: Breathe Frost, Renounce Religion, Unearth Wretches, Torment, Brand Weapon
With Pain, Receive Forbidden Knowledge


You were on level 13 of the Dungeon.
You worshipped Kikubaaqudgha.
Kikubaaqudgha was exalted by your worship.
You visited 3 branches of the dungeon, and saw 21 of its levels.
You also visited: Ossuary and Gauntlet.

You collected 1494 gold pieces.
You spent 360 gold pieces at shops.

Inventory:

Hand Weapons
 b - a +8 scimitar of freezing (weapon)
Missiles
 e - 3 atropa-tipped darts
 o - 2 darts of dispersal
 v - 3 javelins
Armour
 i - a +0 pair of gloves (worn)
 n - the +2 pair of boots "Domorari" (worn) {Int+3}
   (You found it in a Gauntlet)

   Int+3:     It affects your intelligence (+3).
 p - a scarf of shadows (worn)
 r - an orb of energy (worn)
 y - a +0 kite shield
 T - a +1 hat of intelligence (worn)
Magical Staves
 a - a staff of cold
 z - a staff of air
Jewellery
 c - a ring of wizardry
 f - the dreamdust necklace (around neck) {Acrobat}
   (You found it on level 1 of the Lair of Beasts)

   [amulet of the acrobat]

   Acrobat:   It increases your evasion while moving and waiting.
 h - a ring of ice
 P - a ring of ice
 W - a ring of wizardry (right hand)
 Z - a ring of protection from cold (left hand)
Wands
 w - a wand of digging (14)
 C - a wand of light (4)
 J - a wand of charming (51)
 U - a wand of roots (9)
 V - a wand of mindburst (15)
Scrolls
 g - 5 scrolls of revelation
 l - 2 scrolls of butterflies
 m - 11 scrolls of teleportation
 u - a scroll of amnesia
 A - 4 scrolls of fear
 D - 3 scrolls of blinking
 E - 3 scrolls of fog
 I - a scroll of silence
Potions
 j - a potion of enlightenment
 k - 2 potions of haste
 x - 2 potions of curing
 B - 4 potions of brilliance
 F - a potion of resistance {unknown}
 G - a potion of mutation {unknown}
 H - 8 potions of ambrosia
 R - a potion of berserk rage {unknown}
 S - 2 potions of might
Miscellaneous
 q - a phial of floods
 K - a phantom mirror


   Skills:
 - Level 12.0 Fighting
 - Level 14.0 Long Blades
 - Level 4.0 Dodging
 - Level 2.0 Stealth
 - Level 12.0 Spellcasting
 + Level 6.5 Summonings
 - Level 8.0 Necromancy
 + Level 14.3 Ice Magic


You had 5 spell levels left.
You knew the following spells:

 Your Spells              Type           Power      Damage    Failure   Level
a - Freeze                Ice            100%       1d10      1%          1
b - Frozen Ramparts       Ice            100%       1d16      1%          3
c - Ozocubu's Armour      Ice            76%        N/A       1%          3
d - Summon Ice Beast      Ice/Summ       64%        N/A       1%          4
e - Call Canine Familiar  Summ           51%        N/A       1%          3
f - Call Imp              Summ           100%       N/A       1%          2
g - Ozocubu's Refrigerat  Ice            38%        4d15      9%          7
h - Dispel Undead         Necr           56%        3d20      2%          4
i - Freezing Cloud        Conj/Ice/Air   20%        6-21      13%         5

Your spell library contained the following spells:

 Spells                   Type           Power      Damage    Failure   Level
 Kiss of Death            Conj/Necr      100%       2d13      1%          1
 Necrotise                Necr           100%       1d9       1%          1
 Summon Small Mammal      Summ           100%       N/A       1%          1
 Sublimation of Blood     Necr           56%        N/A       1%          2
 Hailstorm                Conj/Ice       53%        3d12      1%          3
 Vampiric Draining        Necr           56%        2d10      1%          3
 Cigotuvi's Dreadful Rot  Necr/Pois/Air  60%        N/A       3%          2
 Foxfire                  Conj/Fire      64%        2x1d7     4%          1
 Magic Dart               Conj           64%        1d6       4%          1
 Shock                    Conj/Air       64%        1d7       4%          1
 Sting                    Tmut/Pois      64%        1d6       4%          1
 Summon Guardian Golem    Hex/Summ       33%        N/A       4%          3
 Agony                    Necr           56%        N/A       4%          5
 Blink                    Tloc           32%        N/A       6%          2
 Lesser Beckoning         Tloc           32%        N/A       6%          2
 Momentum Strike          Conj/Tloc      32%        3d8       6%          2
 Poisonous Vapours        Pois/Air       32%        N/A       6%          2
 Anguish                  Hex/Necr       18%        N/A       8%          4
 Mephitic Cloud           Conj/Pois/Air  16%        N/A       11%         3
 Sigil of Binding         Hex            16%        N/A       11%         3
 Swiftness                Air            16%        N/A       11%         3
 Tukima's Dance           Hex            16%        N/A       11%         3
 Airstrike                Air            8%         2d(2-18)  26%         4
 Dimensional Bullseye     Hex/Tloc       8%         N/A       26%         4
 Leda's Liquefaction      Hex/Erth       8%         N/A       26%         4
 Olgreb's Toxic Radiance  Pois           16%        N/A       26%         4
 Passage of Golubria      Tloc           16%        N/A       26%         4
 Vhi's Electric Charge    Tloc/Air       32%        N/A       26%         4
 Arcjolt                  Conj/Air       8%         1d18      52%         5
 Iskenderun's Battlesphe  Conj           16%        2d7       52%         5
 Lee's Rapid Deconstruct  Erth           8%         3d7*      52%         5
 Yara's Violent Unravell  Hex/Tmut       8%         3d5       52%         5
 Simulacrum               Ice/Necr       33%        N/A       6%          6
 Death Channel            Necr           28%        N/A       17%         6
 Leda's Unmaking          Conj/Erth      8%         9d2       95%         6
 Plasma Beam              Fire/Air       8%         2x1d18    95%         6
 Starburst                Conj/Fire      8%         6d4       95%         6
 Spellforged Servitor     Conj/Summ      16%        N/A       98%         7
 Maxwell's Capacitive Co  Air            8%         ∞         100%        8


Dungeon Overview and Level Annotations

Branches:
Dungeon (15/15)            Temple (1/1) D:4            Lair (5/5) D:8
 Shoals (0/4) Lair:2       Spider (0/4) Lair:2        Slime (0/5) Lair:4
    Orc (0/2) D:12        Ossuary (visited)         Gauntlet (visited)
 Vaults: D:13-14     Depths: D:15

Altars:
Ashenzari
Cheibriados
Dithmenos
Elyvilon
Fedhas
Gozag
Hepliaklqana
Kikubaaqudgha
Makhleb
Nemelex Xobeh
Okawaru
Qazlal
Ru
Sif Muna
Trog
Uskayaw
Vehumet
Wu Jian
Xom
Yredelemnul
Zin
The Shining One
Jiyva

Shops:
D:3 [   D:6 :   D:11 (

Annotations:
D:4 3 runed translucent doors, Nonseq's ghost, amateur SpHu
D:7 3 runed translucent doors, gabibbone's ghost, novice OpSh
D:9 2 transporters, KimchiStew's ghost, journeyman FoMo
D:13 Frances
Lair:5 1 exclusion


Innate Abilities, Weirdness & Mutations

You can breathe waves of freezing cold which knock back foes.
Your icy white scales are hard. (AC +8)
You cannot fit into any form of body armour.
Your flesh is cold resistant. (rC+)
You are cold-blooded and may be slowed by cold attacks.


Message History

Frances whispers indecipherable words.
Unknown command.
You hit Frances.
Frances is heavily wounded.
Frances resists.
The wall freezes Frances.
Frances says, "There is a strange beauty in the demonic, don't you think?"
Frances hits you with a +0 dire flail of distortion!
Space warps around you.
Unknown command.
You slice Frances!!
Frances is severely wounded.
The soul eater barely misses you.
Frances resists.
The wall freezes Frances.
Frances whispers indecipherable words.
The entropic shot hits you!!
* * * LOW HITPOINT WARNING * * *
Unknown command.
You hit Frances but do no damage. You tail-slap Frances.
Frances is almost dead.
The soul eater draws from the surrounding life force!
* * * LOW HITPOINT WARNING * * *
Unknown command.
You fade into invisibility!
The wall freezes Frances but does no damage.
Frances hits you with a +0 dire flail of distortion!!
Your necklace shatters, unleashing a wave of protective dreams!
You dream of life, friendship, and clouds.
Space warps horribly around you! The soul eater hits you!
You feel drained.
You hit Frances.
Frances is almost dead.
Frances resists.
The wall freezes Frances.
Frances mutters in a terrible tongue.
Frances seems to speed up.
Unknown command.
You hit Frances but do no damage. You tail-slap Frances.
Frances is almost dead.
The wall freezes Frances but does no damage.
Frances chants phrases taken from a devil's mouth.
The shard of ice hits you! You partially resist.
You die...
Kikubaaqudgha rasps: "You have failed me!
Welcome... death!"

,,,,*,,,,,,,,,,,*,,,,,,*
,,,,*,,,,,,,**,,*,,,,,,*
,,,,*,,,,,,,**,,*○°,,,,*
,,,,*,,**###**,,*§§,,,,*
,,,,****,....*,,*☼.,,,,*
**,,,,,,,.?..####§,,,,,*
,*,,,,,,,....§§°°#******
,*,,,,,,,....§uH@#
+*,,,,,,,..$..§o@#
,****+****###.§3§#
,,,,,,,,,,,,+.§§o#
,,,,,,,,,,,,#....#
*****,,**,,,#....#
,,,,*,,**,,,#....#
,,,,+,,,,,,,+....#
,,,,*,,,,,,,#....#
,,,,*+***,,,#....#*


You could see Frances (fast, ally target), a soul eater (summoned, ally target),
a friendly cyan ugly thing (summoned), a friendly manticore (summoned), a
friendly orc wizard (summoned) and a friendly orc (summoned).

Vanquished Creatures
  A dire elephant (Gauntlet)
  Nessos (Lair:3)
  A minotaur (Gauntlet)
  A fire dragon (Lair:5)
  Fannar (Lair:3)
  A hydra (D:14)
  2 catoblepae
  2 centaur warriors (D:14)
  Erica (Lair:1)
  A boulder beetle (Lair:2)
  A ghost crab (Gauntlet)
  8 death yaks
  2 two-headed ogres (D:12)
  A hell hog (Gauntlet)
  Nergalle (Lair:3)
  A skyshark (Lair:4)
  Amaemon (Lair:2)
  A swamp dragon (Lair:5)
  A deep elf pyromancer (D:12)
  Pikel (D:4)
  2 cyclopes
  16 elephants
  An orange demon (Lair:2)
  A gargoyle (Gauntlet)
  A torpor snail (Lair:4)
  3 black mambas
  5 kobold demonologists
  15 cane toads
  2 rime drakes
  17 komodo dragons
  2 unseen horrors
  3 trolls
  A wind drake (shapeshifter) (D:14)
  A queen bee (Lair:1)
  2 polar bears (Lair:5)
  3 burning bushes (Lair:4)
  2 hornets (D:9)
  Prince Ribbit (D:7)
  20 blink frogs
  8 dream sheep
  6 slime creatures (D:12)
  4 flying skulls (Gauntlet)
  A shadow (D:12)
  5 wraiths
  2 vampires
  Sigmund (D:4)
  5 wyverns
  A steam dragon (D:9)
  A human (shapeshifter) (D:14)
  3 fire bats (Gauntlet)
  30 yaks
  7 vampire mosquitoes (D:12)
  4 acid dragons
  2 hell hounds (Gauntlet)
  13 water moccasins
  4 swamp drakes (Lair:5)
  3 orc warriors
  4 black bears
  2 ogres (D:4)
  6 wolves (Lair:5)
  10 centaurs
  2 lemures
  7 kobold brigands
  7 bullfrogs
  A gnoll sergeant (D:12)
  4 scorpions
  20 killer bees
  An electric eel (Lair:4)
  4 howler monkeys (D:5)
  A nameless horror (D:4)
  4 hounds
  4 sleepcaps
  2 orc priests
  6 iguanas
  5 orc wizards
  9 gnolls
  5 adders
  A shadow imp (D:6)
  A white imp (D:6)
  2 dart slugs
  31 orcs
  15 ball pythons
  6 bats
  4 endoplasms
  A giant cockroach (D:1)
  14 goblins
  10 hobgoblins
  2 jackals (D:1)
  4 quokkas
  A ball python skeleton (Ossuary)
  3 frilled lizards
  A hobgoblin zombie (Ossuary)
  21 kobolds
  2 rats (D:2)
451 creatures vanquished.

Vanquished Creatures (collateral kills)
  Gastronok (D:9)
  2 two-headed ogres (D:11)
  Urug (D:11)
  2 cane toads
  2 gargoyles
  A kobold demonologist (D:9)
  2 rime drakes
  2 komodo dragons
  A polar bear (Lair:2)
  A vampire (D:9)
  A wraith (Ossuary)
  A water moccasin (Lair:5)
  An ice beast (D:7)
  2 phantoms
  2 centaurs (D:10)
  A bullfrog (Lair:2)
  8 wights
  5 killer bees
  A jelly (D:6)
  A mummy (D:7)
  3 white imps
  An adder zombie (Ossuary)
  A goblin zombie (D:7)
  A hobgoblin skeleton (Ossuary)
  A hobgoblin zombie (Ossuary)
  4 kobold zombies
49 creatures vanquished.

Vanquished Creatures (others)
  A centaur (D:9)
  A wight (D:9)
2 creatures vanquished.

Grand Total: 502 creatures vanquished

Notes
Turn   | Place    | Note
-------+----------+-------------------------------------------
     0 | D:1      | dondy the Draconian Ice Elementalist began the quest for
                  | the Orb.
     0 | D:1      | Reached XP level 1. HP: 14/14 MP: 3/3
   127 | D:1      | Reached XP level 2. HP: 20/20 MP: 1/5
   477 | D:1      | Found a faded altar of an unknown god.
  1000 | D:2      | Reached XP level 3. HP: 26/26 MP: 6/6
  1004 | D:2      | Learned a level 3 spell: Frozen Ramparts
  1017 | D:2      | Noticed a scorpion
  1032 | D:2      | Killed a scorpion
  1033 | D:2      | Reached skill level 5 in Ice Magic
  1033 | D:2      | Reached XP level 4. HP: 29/33 MP: 4/7
  1343 | D:2      | Found a snail-covered altar of Cheibriados.
  1450 | D:2      | Learned a level 3 spell: Ozocubu's Armour
  1942 | D:2      | Reached XP level 5. HP: 38/38 MP: 3/9
  2232 | D:3      | Found a snail-covered altar of Cheibriados.
  2963 | D:3      | Found Rasoyky's Armour Boutique.
  3137 | D:4      | Noticed Pikel
  3137 | D:4      | Noticed a lemure
  3137 | D:4      | Noticed a lemure
  3137 | D:4      | Noticed a lemure
  3138 | D:4      | Noticed a lemure
  3145 | D:3      | Killed a lemure
  3266 | D:4      | Found an iron altar of Okawaru.
  3368 | D:4      | Noticed Sigmund
  3394 | D:4      | Killed Sigmund
  3395 | D:4      | Reached XP level 6. HP: 43/45 MP: 5/12
  3493 | D:4      | Noticed Nonseq's ghost (amateur SpHu)
  3633 | D:4      | Killed Pikel
  3634 | D:4      | Your scales start taking on an icy white colour.
  3634 | D:4      | Reached XP level 7. HP: 59/59 MP: 6/13
  3634 | D:4      | Gained mutation: Your flesh is cold resistant. (rC+) [White
                  | Draconian growth]
  3686 | D:4      | Noticed a yak
  3840 | D:4      | Learned a level 4 spell: Summon Ice Beast
  3844 | D:4      | Learned a level 3 spell: Call Canine Familiar
  3849 | D:4      | Found a runed translucent gate.
  3855 | D:4      | Found a runed translucent gate.
  3863 | D:4      | Found a runed translucent gate.
  3888 | D:4      | Found a staircase to the Ecumenical Temple.
  3910 | Temple   | Entered the Ecumenical Temple
  3918 | Temple   | Became a worshipper of Kikubaaqudgha
  4048 | D:5      | Entered Level 5 of the Dungeon
  4098 | D:5      | Reached XP level 8. HP: 66/66 MP: 5/14
  4388 | D:4      | Reached skill level 1 in Summonings
  4475 | D:5      | Found a broken altar of Ashenzari.
  5088 | D:5      | Reached skill level 10 in Ice Magic
  5928 | D:6      | Reached skill level 5 in Summonings
  6157 | D:6      | Reached * piety under Kikubaaqudgha
  6157 | D:6      | Received a gift from Kikubaaqudgha
  6365 | D:6      | Found Ujumet's Book Shoppe.
  6913 | D:6      | Noticed a kobold demonologist
  6913 | D:6      | Noticed a kobold demonologist
  6914 | D:6      | Noticed a kobold demonologist
  6919 | D:6      | Noticed a red devil
  6923 | D:6      | Killed a kobold demonologist
  6923 | D:6      | Killed a kobold demonologist
  6924 | D:6      | Reached XP level 9. HP: 71/71 MP: 5/15
  6997 | D:6      | Killed a kobold demonologist
  6998 | D:6      | Reached skill level 5 in Necromancy
  7142 | D:6      | Bought Ozocubu's Autobiography for 360 gold pieces
  7207 | D:7      | Found a blossoming altar of Fedhas.
  7392 | D:7      | Reached skill level 5 in Spellcasting
  7435 | D:7      | Found a sand-covered staircase.
  7459 | Ossuary  | Entered an ossuary
  8237 | D:7      | Reached XP level 10. HP: 78/78 MP: 13/19
  8327 | D:7      | Reached ** piety under Kikubaaqudgha
  8336 | D:7      | Learned a level 7 spell: Ozocubu's Refrigeration
  8459 | D:7      | Noticed Prince Ribbit
  8481 | D:7      | Killed Prince Ribbit
  8534 | D:7      | Found a runed translucent gate.
  8534 | D:7      | Found a runed translucent gate.
  8534 | D:7      | Found a runed translucent gate.
  8535 | D:7      | Noticed gabibbone's ghost (novice OpSh)
  9182 | D:8      | Found a sparkling altar of Nemelex Xobeh.
  9844 | D:8      | Found a staircase to the Lair.
 10381 | D:9      | Noticed Gastronok
 10392 | D:9      | Killed Gastronok
 10393 | D:9      | Reached skill level 5 in Fighting
 11055 | D:9      | Found a transporter.
 11203 | D:9      | Noticed KimchiStew's ghost (journeyman FoMo)
 11204 | D:9      | Identified the +4 rapier "Maovoron" {elec, rPois rC+ rN+}
 11204 | D:9      | Noticed a centaur warrior
 11241 | D:9      | Found a transporter.
 11274 | D:9      | Identified the +1 hand axe of Ruination {heavy, Fly rF+}
 11504 | D:9      | Reached XP level 11. HP: 69/89 MP: 13/20
 11815 | D:9      | Found an opulent altar of Gozag.
 12013 | D:10     | Entered Level 10 of the Dungeon
 12280 | D:10     | Learned a level 2 spell: Call Imp
 13195 | D:10     | Found a glowing golden altar of the Shining One.
 13195 | D:10     | Found an ornate altar of the Wu Jian Council.
 13500 | D:11     | Noticed a two-headed ogre
 13512 | D:11     | Killed a two-headed ogre
 13512 | D:11     | Reached *** piety under Kikubaaqudgha
 13512 | D:11     | Received a gift from Kikubaaqudgha
 13600 | D:11     | Found Uruoperph's Weapon Emporium.
 13663 | D:11     | Noticed a two-headed ogre
 13675 | D:11     | Killed a two-headed ogre
 13762 | D:11     | Noticed Urug
 13901 | D:11     | Killed Urug
 14996 | Lair:1   | Entered Level 1 of the Lair of Beasts
 15258 | Lair:1   | Found the dreamshard necklace {Acrobat *Dream}
 15495 | Lair:1   | Reached skill level 10 in Fighting
 15955 | Lair:1   | Reached XP level 12. HP: 75/110 MP: 5/24
 16115 | Lair:1   | Reached **** piety under Kikubaaqudgha
 16131 | Lair:1   | Noticed Erica
 16138 | Lair:1   | Killed Erica
 16364 | Lair:1   | Reached skill level 1 in Long Blades
 16956 | Lair:2   | Learned a level 4 spell: Dispel Undead
 17160 | Lair:2   | Noticed Amaemon
 17174 | Lair:2   | Reached skill level 5 in Long Blades
 17182 | Lair:2   | Noticed a boulder beetle
 17187 | Lair:2   | Killed Amaemon
 17454 | Lair:2   | Noticed a death yak
 17454 | Lair:2   | Noticed a death yak
 17465 | Lair:2   | Killed a death yak
 17473 | Lair:2   | Killed a death yak
 17774 | Lair:2   | Found a shimmering altar of Xom.
 17812 | Lair:2   | Killed a boulder beetle
 17962 | Lair:2   | Found a hole to the Spider Nest.
 17989 | Lair:2   | Found a staircase to the Shoals.
 18244 | Lair:2   | Noticed a catoblepas
 18249 | Lair:2   | Reached XP level 13. HP: 118/118 MP: 8/26
 18844 | Lair:3   | Noticed Nergalle
 18850 | Lair:3   | Killed Nergalle
 19060 | Lair:3   | Reached ***** piety under Kikubaaqudgha
 19061 | Lair:3   | Reached skill level 10 in Spellcasting
 19349 | Lair:3   | Noticed Fannar
 19386 | Lair:3   | Killed Fannar
 19622 | Lair:3   | Noticed Nessos
 19631 | Lair:3   | Killed Nessos
 19632 | Lair:3   | Reached skill level 10 in Long Blades
 20444 | Lair:3   | Learned a level 5 spell: Freezing Cloud
 22023 | Lair:4   | You fall into a shaft and drop 1 floor!
 22023 | Lair:5   | Entered Level 5 of the Lair of Beasts
 22608 | Lair:4   | Identified the +1 chain mail "Dov Arigy" {Str+2}
 22649 | Lair:4   | Reached XP level 14. HP: 115/126 MP: 6/28
 22774 | Lair:4   | Found a viscous altar of Jiyva.
 22774 | Lair:4   | Found a staircase to the Slime Pits.
 24489 | Lair:5   | Reached ****** piety under Kikubaaqudgha
 25877 | D:12     | You fall into a shaft and drop 3 floors!
 25877 | D:15     | Entered Level 15 of the Dungeon
 26474 | D:13     | Found a gate leading to a gauntlet.
 26480 | Gauntlet | Entered a Gauntlet
 26480 | Gauntlet | Found a transporter.
 26483 | Gauntlet | Found a transporter.
 26497 | Gauntlet | Found a transporter.
 26497 | Gauntlet | Found a transporter.
 26503 | Gauntlet | Identified the +2 pair of boots "Domorari" {Int+3}
 26628 | Gauntlet | Found a transporter.
 26873 | Gauntlet | Found a transporter.
 26874 | Gauntlet | Found a transporter.
 26884 | Gauntlet | Found a transporter.
 26884 | Gauntlet | Found a transporter.
 26897 | Gauntlet | HP: 5/126 [cloud of freezing vapour (3)]
 27195 | Gauntlet | Found a transporter.
 27209 | Gauntlet | Found a transporter.
 27210 | Gauntlet | Found a transporter.
 27269 | Gauntlet | Found a transporter.
 27484 | Gauntlet | Found a transporter.
 27528 | Gauntlet | Identified the +1 plate armour "Motesom" {SInv}
 27632 | Gauntlet | Got the Octavo of Abhorrent Rites
 28056 | D:12     | Found a staircase to the Orcish Mines.
 28480 | D:13     | Noticed Frances
 28490 | D:13     | HP: 1/126 [soul eater[Frances] (15)]
 28493 | D:13     | Killed from afar by Frances

Illustrated notes

Levels and vault maps discovered:
D:1:      lemuel_arrival_funnel, layout_loops_ring,
          dreamdust_ecumenical_altar_grove
D:2:      kennysheep_the_goblin_king, layout_basic, basic_altar,
          minmay_box_of_dots
D:3:      layout_basic, kennysheep_slug_shrine, serial_shops,
          nicolae_shop_rolling_square, minmay_misc_feat_roman,
          corexii_hall_statues_deadend
D:4:      layout_cave_pools, kennysheep_okawaru_gauntlet, temple_statues,
          gammafunk_ghost_split, uniq_pikel, uniq_sigmund
D:5:      minmay_bubble_buster, layout_gridville, ashenzari_altar_1
D:6:      layout_loops_corners, serial_shops, nicolae_book_shop_shelving,
          st_stairs_13, minmay_quadrilaterals
D:7:      layout_loops_cross, fedhas_altar_2, nicolae_ossuary_entry_giza,
          gammafunk_ghost_nasty_kobolds, minmay_splitting_lines,
          uniq_prince_ribbit1
D:8:      layout_gridville, nemelex_xobeh_ov_fountains_minmay, lair_entry_dummy
D:9:      hellmonk_destroyed_diamonds, layout_irregular_city, marbit_many_paths,
          nzn_ghost_randoct, serial_bayou_pond_b, lemuel_flamethrower_hall,
          uniq_gastronok
D:10:     layout_roguey, gammafunk_temple_overflow_elements
D:11:     layout_basic, serial_shops, nicolae_shop_statue_plus, uniq_urug
D:12:     layout_basic, orc_0_dummy, drop_trap, hangedman_decor_lopped,
          kennysheep_generic_room_13
D:13:     layout_gridville, gauntlet_entry_generic, uniq_frances
D:14:     layout_basic, skrybe_vaults_entry_preservation, nrook_mini_vaults,
          minmay_door_square, amcnicky_mini_pool_small
D:15:     gammafunk_enter_depths_forms, layout_basic, uniq_louise, uniq_kirke
Temple:   nicolae_temple_two_arcs
Lair:1:   layout_cave_pods, special_room [special_room_bee],
          serial_bayou_shore_b, serial_bayou_shore_b, uniq_erica
Lair:2:   layout_loops_ring, elwin_shoals_entry_rocks,
          spider_nest_entry_web_field, basic_altar, minmay_shattered_shrine,
          grunt_megastairs_3, lemuel_fruit_tree, uniq_amaemon
Lair:3:   layout_cave_pods, serial_bayou_shore_b, uniq_nessos, uniq_fannar,
          uniq_nergalle
Lair:4:   layout_cave_shapes, dpeg_slime_entry_corner, evilmike_ambush
          [evilmike_ambush_outer_pillars, evilmike_ambush_inner_cross],
          infiniplex_staircase_pool, grunt_megastairs_5
Lair:5:   guppyfry_lair_end_dragon, layout_gridlike,
          chequers_serial_rivers_small_3, serial_bayou_shore_a

Skill      XL: |  1  2  3  4  5  6  7  8  9 10 11 12 13 14 |
---------------+-------------------------------------------+-----
Stealth        | 2 |  2.0
Dodging        | 2 4 |  4.0
Ice Magic      | 5 6 9 10 14 | 14.3
Spellcasting   | 4 6 8 9 10 12 | 12.0
Fighting       | 4 6 11 12 | 12.0
Summonings     | 6 |  6.5
Necromancy     | 4 6 7 8 |  8.0
Long Blades    | 7 12 14 | 14.0

Action                     |  1- 3 |  4- 6 |  7- 9 | 10-12 | 13-15 || total
---------------------------+-------+-------+-------+-------+-------++-------
  Melee: Unarmed           |     2 |       |       |       |       ||     2
         Short sword       |     5 |       |       |       |       ||     5
         Staff             |       |     1 |    29 |    41 |     4 ||    75
         Tailslap          |       |     1 |     4 |     2 |    36 ||    43
         Scimitar          |       |       |       |     4 |   218 ||   222
         Punch             |       |       |       |       |     1 ||     1
   Fire: Sling             |    53 |       |       |       |       ||    53
   Cast: Freeze            |    27 |    64 |    57 |   141 |    29 ||   318
         Frozen Ramparts   |     1 |    15 |    35 |    64 |    54 ||   169
         Summon Ice Beast  |       |       |    12 |    43 |    22 ||    77
         Call Canine Famil |       |       |    14 |    35 |     7 ||    56
         Ozocubu's Armour  |       |       |     5 |    17 |    16 ||    38
         Call Imp          |       |       |       |    10 |     3 ||    13
         Ozocubu's Refrige |       |       |       |    10 |    67 ||    77
         Freezing Cloud    |       |       |       |       |    31 ||    31
         Dispel Undead     |       |       |       |       |     4 ||     4
Ability: Breathe Frost     |       |       |     2 |       |       ||     2
    Use: Scroll            |       |       |    11 |     7 |    13 ||    31
         Potion            |       |       |       |     9 |     4 ||    13
   Stab: Distracted        |       |       |     1 |       |       ||     1
 Armour: Skin              |    10 |    33 |    77 |   291 |   374 ||   785
  Dodge: Dodged            |    18 |    39 |    75 |   194 |   302 ||   628
  Block: Buckler           |       |       |       |    32 |       ||    32

Table legend: (Time is in decaauts)
 A = Elapsed time spent in this place.
 B = Non-inter-level travel time spent in this place.
 C = Inter-level travel time spent in this place.
 D = Time resting spent in this place.
 E = Time spent auto-exploring this place.
 F = Levels seen in this place.
 G = Mean time per level.
                   A        B        C        D        E       F      G
               +--------+--------+--------+--------+--------+-----+--------+
         Total |  28569 |  27477 |   1092 |  10393 |  12215 |  23 | 1242.1 |
       Dungeon |  16495 |  15877 |    618 |   4652 |   8042 |  15 | 1099.7 |
        Temple |     16 |      8 |      8 |      0 |      0 |   1 |   16.0 |
          Lair |  10215 |   9749 |    466 |   4579 |   3860 |   5 | 2043.0 |
       Ossuary |    648 |    648 |      0 |    222 |    299 |   1 |  648.0 |
      Gauntlet |   1193 |   1193 |      0 |    940 |     14 |   1 | 1193.0 |
               +--------+--------+--------+--------+--------+-----+--------+

Top non-repeatable levels by time:
  Lair:4: 2411 daAuts
  Lair:3: 2216 daAuts
  Lair:1: 2175 daAuts
  Lair:5: 1893 daAuts
     D:9: 1853 daAuts
    D:10: 1621 daAuts
  Lair:2: 1519 daAuts
     D:6: 1502 daAuts
    D:11: 1461 daAuts
     D:5: 1421 daAuts
     D:7: 1350 daAuts
     D:8: 1259 daAuts
     D:3: 1238 daAuts
Gauntlet: 1193 daAuts
    D:12: 1122 daAuts
